 Dungeon Crawl Stone Soup version 0.29.0-11-gd7f09526c8 (webtiles) character file.

Game seed: 15763260743204273984

2484 SensoryNuts the Slasher (level 9, -3/67 HPs)
             Began as a Demonspawn Fighter on Sept 3, 2022.
             Slain by a vampire (4 damage)
             ... on level 7 of the Dungeon.
             The game lasted 00:07:28 (9149 turns).

SensoryNuts the Slasher (Demonspawn Fighter)        Turns: 9149, Time: 00:07:28

Health: -3/67      AC: 18    Str: 17    XL:     9   Next: 27%
Magic:  9/9        EV: 10    Int:  9    God:
Gold:   303        SH:  5    Dex: 17    Spells: 8/8 levels left

rFire   . . .      SeeInvis .   a - +3 long sword
rCold   . . .      Faith    .   c - +0 buckler
rNeg    . . .      Spirit   .   j - +0 plate armour
rPois   .          Reflect  .   (no helmet)
rElec   .          Harm     .   (no cloak)
rCorr   .          Rampage  .   (no gloves)
Will    .....                   (no boots)
Stlth   ..........              (no amulet)
HPRegen 0.21/turn               (no ring)
MPRegen 0.11/turn               (no ring)

@: agile, sanguine armoured
A: hooves 1, demonic guardian 1, powered by pain 1, sanguine armour 1
a: no special abilities


You were on level 7 of the Dungeon.
You visited 2 branches of the dungeon, and saw 8 of its levels.

You collected 303 gold pieces.

Inventory:

Hand Weapons
 a - a +3 long sword (weapon)
Armour
 b - a +0 scale mail
 c - a +0 buckler (worn)
 j - a +0 plate armour (worn)
Wands
 d - a wand of paralysis (16)
 l - a wand of roots (22)
 p - a wand of digging (5)
Scrolls
 e - 3 scrolls of teleportation
 f - a scroll of magic mapping
 g - a scroll of enchant weapon
 i - a scroll of fog
 k - a scroll of poison {unknown}
Potions
 h - a potion of attraction {unknown}
 m - a potion of resistance {unknown}
 n - a potion of flight
 o - a potion of magic {unknown}
 q - a potion of heal wounds
 r - a potion of ambrosia {unknown}


   Skills:
 + Level 4.9 Fighting
 * Level 4.8(6.7) Short Blades
 + Level 7.2(7.9) Long Blades
 + Level 6.0 Armour
 + Level 0.8 Dodging
 + Level 0.8 Stealth
 + Level 4.4 Shields


You had 8 spell levels left.
You didn't know any spells.
Your spell library contained the following spells:

 Spells                   Type           Power      Damage    Failure   Level
 Apportation              Tloc           0%         N/A       100%        1
 Freeze                   Ice            0%         1d3       100%        1
 Necrotise                Necr           0%         1d4       100%        1
 Summon Small Mammal      Summ           0%         N/A       100%        1
 Static Discharge         Conj/Air       0%         3-3/arc   100%        2
 Conjure Flame            Conj/Fire      0%         6-21      100%        3
 Frozen Ramparts          Ice            0%         1d1       100%        3
 Ignite Poison            Fire/Tmut/Pois 0%         N/A       100%        3
 Mephitic Cloud           Conj/Pois/Air  0%         N/A       100%        3
 Dispel Undead            Necr           0%         3d6       100%        4
 Hailstorm                Conj/Ice       0%         3d3       100%        4
 Sticky Flame             Conj/Fire      0%         2d3       100%        4
 Freezing Cloud           Conj/Ice/Air   0%         6-21      100%        5


Dungeon Overview and Level Annotations

Branches:
Dungeon (7/15)             Temple (1/1) D:4

Altars:
Ashenzari
Cheibriados
Dithmenos
Fedhas
Gozag
Kikubaaqudgha
Makhleb
Okawaru
Qazlal
Ru
Sif Muna
Trog
Uskayaw
Vehumet
Wu Jian
Xom
Yredelemnul

Shops:
D:4 *

Annotations:
D:2 1 runed translucent door, Crazy Yiuf


Innate Abilities, Weirdness & Mutations

You have large cloven feet.
A weak demonic guardian rushes to your aid.
You sometimes gain a little power by taking damage.
When seriously injured, your blood forms armour. (AC +6)


Message History

You swing at nothing.
You swing at nothing.
You swing at nothing.
You swing at nothing.
You barely miss something. You kick something. Something hits you.
Something completely misses you.
You barely miss something. Something hits you.
A demonic guardian appears!
Something bites you!
Something draws strength from your injuries!
You hit something but do no damage. Something hits you but does no damage.
Something bites you!
You focus on the pain.
You feel agile all of a sudden.
Your blood congeals into armour.
Something draws strength from your injuries!
You miss something. You kick something. Something hits you.
Something bites you!
Something draws strength from your injuries!
You hit something but do no damage. Your kick misses something.
Something hits you but does no damage. Something bites you!
* * * LOW HITPOINT WARNING * * *
Something draws strength from your injuries!
You barely miss something. You kick something.
Something hits you but does no damage. Something bites you but does no damage.
You barely miss something. You kick something.
Something hits you but does no damage. Something bites you but does no damage.
You slash something! Something hits you.
* * * LOW HITPOINT WARNING * * *
Something bites you.
* * * LOW HITPOINT WARNING * * *
Something draws strength from your injuries!
You miss something. Something hits you but does no damage.
Something bites you but does no damage.
You closely miss something. Something hits you!
* * * LOW HITPOINT WARNING * * *
You block something's attack.
You barely miss something. Something hits you but does no damage.
Something bites you but does no damage.
You closely miss something. Something hits you but does no damage.
Something bites you.
You die...

#..o..##
#.).# #..#
##
#......###
###.#####.#
##.
#......#
#...# #.#
##..
#.....o..#
###.# #.#
#..#
##..o....#
##.# #)#
#.##
.........#
#####..#
#.###.##
##..#..###
#.....##
#.รท...#.
#..#..
####5#####
###..#..
#.{@.#
##)#.#
#...####
#.)..# #.#
.lo#..# ..
..##. #.# .
## #. .. #.
#. #. . ..
.


You could see a friendly white imp (summoned).

Vanquished Creatures
  Sigmund (D:2)
  Menkaure (D:4)
  2 orc warriors
  A sky beast (D:6)
  3 ogres
  2 black bears
  2 centaurs (D:7)
  3 phantoms
  A bullfrog (D:7)
  A scorpion (D:5)
  A necrophage (D:5)
  2 jellies
  3 orc priests
  3 hounds
  Ijyb (D:3)
  Terence (D:2)
  4 orc wizards
  Natasha (twice) (D:3)
  3 iguanas
  7 gnolls
  5 adders
  2 white imps
  A worm (D:2)
  5 dart slugs
  22 orcs
  10 ball pythons
  7 bats
  5 endoplasms
  3 giant cockroaches
  6 goblins
  7 hobgoblins
  3 jackals (D:1)
  5 kobolds
  2 quokkas
  5 frilled lizards
  4 rats
136 creatures vanquished.

Vanquished Creatures (collateral kills)
  An orc warrior (D:5)
  A black bear (D:4)
  A white imp (D:4)
  An orc (D:5)
  A goblin (D:4)
5 creatures vanquished.

Vanquished Creatures (others)
  2 fungi (D:2)
  17 plants (D:3)
19 creatures vanquished.

Grand Total: 160 creatures vanquished

Notes
Turn   | Place    | Note
-------+----------+-------------------------------------------
     0 | D:1      | SensoryNuts the Demonspawn Fighter began the quest for the
                  | Orb.
     0 | D:1      | Reached XP level 1. HP: 18/18 MP: 1/1
   160 | D:1      | Gained mutation: You have large cloven feet. [demonic
                  | ancestry]
   160 | D:1      | Reached XP level 2. HP: 16/24 MP: 2/2
   459 | D:1      | Reached skill level 2 in Long Blades
   505 | D:1      | Reached skill level 1 in Short Blades
   781 | D:1      | Reached XP level 3. HP: 29/29 MP: 3/3
   792 | D:1      | Found a faded altar of an unknown god.
  1433 | D:2      | Reached XP level 4. HP: 6/35 MP: 4/4
  1757 | D:2      | Noticed Terence
  1757 | D:2      | Noticed Sigmund
  1776 | D:2      | Killed Sigmund
  1777 | D:2      | Reached skill level 3 in Long Blades
  1777 | D:2      | Gained mutation: A weak demonic guardian rushes to your
                  | aid. [demonic ancestry]
  1777 | D:2      | Reached XP level 5. HP: 16/42 MP: 5/5
  1781 | D:2      | Killed Terence
  1782 | D:2      | Gained mutation: You sometimes gain a little power by
                  | taking damage. [demonic ancestry]
  1782 | D:2      | Reached XP level 6. HP: 17/48 MP: 6/6
  2286 | D:2      | Found a runed translucent door.
  2287 | D:2      | Noticed Crazy Yiuf
  2828 | D:3      | Noticed Natasha
  2841 | D:3      | Killed Natasha
  3540 | D:3      | Noticed Natasha
  3548 | D:3      | Killed Natasha
  3667 | D:3      | Noticed Ijyb
  3682 | D:3      | Killed Ijyb
  4150 | D:4      | Reached skill level 4 in Long Blades
  4169 | D:4      | Noticed Menkaure
  4175 | D:4      | Gained mutation: When seriously injured, your blood forms
                  | armour. (AC +6) [demonic ancestry]
  4175 | D:4      | Reached XP level 7. HP: 14/53 MP: 7/7
  4408 | D:4      | Killed Menkaure
  4456 | D:4      | Found a staircase to the Ecumenical Temple.
  4544 | D:4      | Found an opulent altar of Gozag.
  4622 | D:4      | Found Cistynuo's Overcharged Wands.
  5210 | Temple   | Entered the Ecumenical Temple
  5373 | D:5      | Entered Level 5 of the Dungeon
  5454 | D:5      | Reached skill level 5 in Long Blades
  5489 | D:5      | Reached XP level 8. HP: 56/60 MP: 8/8
  5581 | D:5      | Found a bloodstained altar of Trog.
  5657 | D:5      | Found a blossoming altar of Fedhas.
  5675 | D:5      | Found a stormy altar of Qazlal.
  5678 | D:5      | Found a shimmering blue altar of Sif Muna.
  5681 | D:5      | Found a radiant altar of Vehumet.
  5978 | D:6      | HP: 3/60 [orc priest/divine providence (16)]
  5986 | D:6      | Reached skill level 5 in Armour
  6208 | D:6      | Reached skill level 6 in Long Blades
  6883 | D:6      | HP: 1/61 [orc warrior/+4 halberd (11)]
  7996 | D:7      | Reached XP level 9. HP: 44/66 MP: 9/9
  8183 | D:7      | Reached skill level 7 in Long Blades
  9020 | D:7      | Paralysed by an orc for 3 turns
  9147 | D:7      | HP: 1/67 [something (7)]
  9149 | D:7      | Slain by a vampire

Illustrated notes

Levels and vault maps discovered:
D:1:      saegor_arrival_miasma, layout_loops_ring,
          hellmonk_ecumenical_altar_inner_sanctum, minmay_misc_feat_doors,
          grunt_decor_mini_mirrors, minmay_surrounded
D:2:      layout_rooms, kennysheep_generic_room_9, uniq_sigmund,
          uniq_crazy_yiuf_cottage, uniq_terence
D:3:      layout_basic, serial_bayou, serial_bayou_pond_c, serial_bayou_pond_e,
          serial_bayou_crossing, serial_bayou_ford_a, uniq_ijyb, uniq_natasha
D:4:      layout_rooms, mainiacjoe_overflow_six_doors_small,
          minmay_temple_entry_slanted, st_stairs_4, grunt_ministairs_12,
          nicolae_shop_overcharged_wands, uniq_menkaure
D:5:      layout_rooms, grunt_temple_overflow_cloverleaf,
          mainiacjoe_overflow_brackets
D:6:      layout_loops_ring, dk_noncrumbling_3
D:7:      layout_rooms
Temple:   nicolae_temple_superstar

Skill      XL: |  1  2  3  4  5  6  7  8  9 |
---------------+----------------------------+-----
Shields        | 3 4 |  4.4
Long Blades    | 2 3 4 5 6 7 |  7.2
Short Blades   | 1 2 3 4 |  4.8
Armour         | 3 4 5 6 |  6.0
Fighting       | 4 |  4.9
Dodging        | |  0.8
Stealth        | |  0.8

Action                   |  1- 3 |  4- 6 |  7- 9 || total
-------------------------+-------+-------+-------++-------
Melee: Long sword        |   115 |   125 |   296 ||   536
       Kick              |    13 |    31 |   100 ||   144
  Use: Scroll            |     3 |     2 |     6 ||    11
       Potion            |       |     4 |     4 ||     8
 Stab: Distracted        |       |       |     1 ||     1
Armor: Scale mail        |    79 |    11 |       ||    90
       Plate armour      |       |    73 |   180 ||   253
       Skin              |       |       |     7 ||     7
Dodge: Dodged            |    69 |    51 |    75 ||   195
Block: Buckler           |    41 |    39 |    72 ||   152
